 Dungeon Crawl Stone Soup version 0.31-a0-263-ge8cad7f256 (webtiles) character file.

Game seed: 7986240132141394627

40 qw the Shooter (level 3, -9/21 HPs)
             Began as a Gargoyle Hexslinger on July 13, 2023.
             Mangled by Terence
             ... wielding a +3 heavy flail
              (12 damage)
             ... on level 2 of the Dungeon.
             The game lasted 00:00:22 (1109 turns).

qw the Shooter (Gargoyle Hexslinger)                Turns: 1109, Time: 00:00:22

Health: -9/21      AC:  7    Str: 11    XL:     3   Next: 50%
Magic:  4/4        EV: 12    Int: 13    God:
Gold:   41         SH:  0    Dex: 14    Spells: 3/4 levels left

rFire   . . .        Y - +1 sling
rCold   . . .        (no shield)
rNeg    + . .        c - +0 robe
rPois   inf          g - +1 helmet
rElec   +            (no cloak)
rCorr   .            (no gloves)
SInv    .            (no boots)
Will    .....        h - amulet of the acrobat
Stlth   +            (no ring)
HPRegen 0.23/turn    (no ring)
MPRegen 0.09/turn

%: acrobat
@: no status effects
A: sickness immunity, AC +3, negative energy resistance 1, electricity
resistance, torment resistance 1, petrification resistance
a: no special abilities


You were on level 2 of the Dungeon.
You visited 1 branch of the dungeon, and saw 2 of its levels.

You collected 41 gold pieces.


Innate Abilities, Weirdness & Mutations

You are immune to sickness and miasma.
Your stone body is resilient. (AC +3)
You are immune to poison.
You resist negative energy. (rN+)
You are resistant to electric shocks. (rElec)
You are resistant to unholy torment.
You are immune to petrification.


   Skills:
 - Level 2.1 Fighting
 + Level 3.3 Ranged Weapons
 - Level 1.5 Dodging
 - Level 1.0 Spellcasting
 - Level 2.6 Hexes


You had 3 spell levels left.
You knew the following spells:

 Your Spells              Type           Power      Damage    Failure   Level
a - Slow                  Hex            28%        N/A       10%         1

Your spell library contained the following spells:

 Spells                   Type           Power      Damage    Failure   Level
 Inner Flame              Hex/Fire       4%         N/A       43%         3
 Portal Projectile        Hex/Tloc       8%         N/A       43%         3
 Cause Fear               Hex            3%         N/A       67%         4

Inventory:

Hand Weapons
 Y - a +1 sling (weapon)
Armour
 b - a +0 leather armour
 c - a +0 robe (worn)
 g - a +1 helmet (worn)
Jewellery
 h - an amulet of the acrobat (around neck)
Scrolls
 a - a scroll of identify {unknown}
Potions
 d - a potion of haste {unknown}
 e - a potion of degeneration {unknown}

Dungeon Overview and Level Annotations

Branches:
Dungeon (2/15)

Altars:

Annotations:
D:2 Terence


Message History

Enter note:
Enter note:
Enter note: You now have 41 gold pieces (gained 7).
Terence the Incautious comes into view.
He is wielding a +3 heavy flail.
Terence shouts!
Terence shouts, "ATTACK!!!"
Enter note:
Enter note:
Enter note:
Enter note:
Enter note:
Enter note: You shoot a sling bullet.
The sling bullet hits Terence.
Terence is moderately wounded.
You shoot a sling bullet. The sling bullet hits Terence.
Terence is heavily wounded.
You shoot a sling bullet.
The sling bullet hits Terence but does no damage.
Terence is heavily wounded.
Terence looks scornfully at you.
You shoot a sling bullet. The sling bullet hits Terence.
Terence is almost dead.
You shoot a sling bullet. The sling bullet barely misses Terence.
Terence hits you with a +3 heavy flail.
You shoot a sling bullet.
The sling bullet closely misses Terence.
Terence barely misses you.
You shoot a sling bullet.
The sling bullet closely misses Terence.
You shoot a sling bullet.
The sling bullet completely misses Terence.
Terence hits you with a +3 heavy flail!
Ouch! That really hurt!
You shoot a sling bullet.
The sling bullet hits Terence but does no damage.
Terence is almost dead.
Terence hits you with a +3 heavy flail!
Ouch! That really hurt!
You die...

#.##......#####.#+
#.##......#.......
###.##......#.......
#...##......#.......
#.####......#.......
#.#.................
#.#.###.#####.###.#.
#.#.###.#.. #.# #.#.
#.#@@.....# #.# #.#.
#.#####.### #.# #.#.
#.# ... #.# #.#. #.#
#.# #.# #.#. #.# .#
#.# #.#. #.# #%#
#.## #.###########.#
#.............#
###############


You could see Terence.

Vanquished Creatures
  An adder (D:2)
  2 worms (D:2)
  3 endoplasms (D:2)
  3 goblins
  2 hobgoblins
  2 quokkas
  3 ball pythons (D:1)
  4 bats
  A frilled lizard (D:2)
  2 kobolds
  3 rats
26 creatures vanquished.

Notes
Turn   | Place    | Note
-------+----------+-------------------------------------------
     0 | D:1      | qw the Gargoyle Hexslinger began the quest for the Orb.
     0 | D:1      | Reached XP level 1. HP: 12/12 MP: 2/2
     0 | D:1      | 0 ||| qw: Version: 0.3-a-52-g30416fa
     0 | D:1      | 0 ||| qw: Game counter: 7508
     0 | D:1      | 0 ||| qw: Melee chars always use a shield: true
     0 | D:1      | 0 ||| qw: God list: Okawaru
     0 | D:1      | 0 ||| qw: Allow faded altars: false
     0 | D:1      | 0 ||| qw: Do Orc after clearing Dungeon:15 true
     0 | D:1      | 0 ||| qw: Do second Lair branch before Depths: true
     0 | D:1      | 0 ||| qw: Lair rune preference: random
     0 | D:1      | 0 ||| qw: Goals: Normal
     0 | D:1      | 0 ||| PLANNING D:1-11
   303 | D:1      | Reached XP level 2. HP: 16/16 MP: 3/3
   649 | D:1      | 649 ||| UPGRADING to +1 helmet.
   654 | D:1      | 654 ||| UPGRADING to amulet of the acrobat.
   659 | D:1      | 659 ||| READING scroll labelled ZYEMPO KUASA.
   660 | D:1      | 660 ||| READING scroll labelled USTOFUPN KEAPT.
   661 | D:1      | 661 ||| DROPPING scroll of poison.
   731 | D:2      | Reached skill level 3 in Ranged Weapons
   810 | D:2      | Reached XP level 3. HP: 21/21 MP: 4/4
  1100 | D:2      | Noticed Terence
  1108 | D:2      | HP: 3/21 [Terence/+3 heavy flail (16)]
  1109 | D:2      | Mangled by Terence

Levels and vault maps discovered:
D:1:      amcnicky_arrival_flooded_fountain, layout_basic, skrybe_limestone_x
D:2:      layout_basic, uniq_terence

Skill      XL: |  1  2 |
---------------+-------+-----
Ranged Weapons | 3 |  3.3
Fighting       | 2 |  2.1
Dodging        | |  1.5
Spellcasting   | |  1.0
Hexes          | |  2.6

Action                     || total
---------------------------++-------
   Fire: Sling             ||    85
    Use: Scroll            ||     2
 Armour: Robe              ||    15
  Dodge: Dodged            ||    13

Table legend:
 A = Non-vault XP
 B = Vault XP
 C = Vault XP percentage of total XP
 D = Non-vault monster count
 E = Vault monster count
 F = Vault count percentage of total count
                 A         B        C        D         E       F
            +---------+---------+-------+---------+---------+-------
      Total |      58 |       0 |   0.0 |      26 |       0 |   0.0
            +---------+---------+-------+---------+---------+-------
        D:1 |      14 |       0 |   0.0 |      10 |       0 |   0.0
        D:2 |      44 |       0 |   0.0 |      16 |       0 |   0.0
            +---------+---------+-------+---------+---------+-------
